 Dungeon Crawl Stone Soup version 0.31-a0-664-g902f515a81 (webtiles) character file.

Game seed: 9747022448060351390

2 Revguard the Trooper (level 1, -1/27 HPs)
             Began as a Demonspawn Berserker on Sept 2, 2023.
             Was a Follower of Trog.
             Slain by a kobold
             ... wielding a +0 club
              (2 damage)
             ... on level 1 of the Dungeon.
             The game lasted 00:00:24 (71 turns).

Revguard the Trooper (Demonspawn Berserker)           Turns: 71, Time: 00:00:25

Health: -1/27      AC:  2    Str: 17    XL:     1   Next: 33%
Magic:  1/1        EV:  9    Int:  8    God:    Trog [*.....]
Gold:   0          SH:  0    Dex: 12    Spells: 0/0 levels left

rFire   . . .        a - +0 hand axe
rCold   . . .        (no shield)
rNeg    . . .        b - +0 animal skin
rPois   .            (no helmet)
rElec   .            (no cloak)
rCorr   .            (no gloves)
SInv    .            (no boots)
Will    .....        (no amulet) Stlth
                     (no ring)
HPRegen 0.24/turn    (no ring)
MPRegen 0.07/turn

%: no passive effects
@: berserking, constricted, very quick
A: no striking features
a: Renounce Religion, Berserk


You were on level 1 of the Dungeon.
You worshipped Trog.
Trog was aware of your devotion.
You visited 1 branch of the dungeon, and saw 1 of its levels.

Inventory:

Hand Weapons
 a - a +0 hand axe (weapon)
Armour
 b - a +0 animal skin (worn)
Scrolls
 c - a scroll of identify {unknown}


   Skills:
 + Level 3.0 Fighting
 * Level 2.7 Axes
 + Level 1.8 Armour
 + Level 1.8 Dodging
 + Level 0.1 Evocations


You couldn't memorise any spells.
You didn't know any spells.
Your spell library was empty.

Dungeon Overview and Level Annotations

Branches:
Dungeon (1/15)

Altars:


Message History

The hobgoblin closely misses you.
You slash the hobgoblin!
You kill the hobgoblin!
Trog accepts your kill.
You see here a hobgoblin corpse.
Found a club.
You see here a +0 club.
A goblin comes into view. It is wielding a +0 dagger.
Found a scroll labelled XOCRUP UNUUDO and a fizzy black potion.
The goblin shouts!
You hear a shout!
A ball python comes into view.
A kobold comes into view. It is wielding a +0 club.
Found a dagger.
The ball python hisses angrily.
The goblin hits you but does no damage.
An endoplasm comes into view.
The endoplasm quivers.
You hit the goblin but do no damage. The goblin closely misses you.
You hit the goblin.
You kill the goblin!
Trog accepts your kill. The ball python bites you.
The ball python completely misses you.
You see here a +0 dagger.
The ball python bites you. The ball python grabs you.
The ball python constricts you.
You barely miss the kobold. You barely miss the ball python.
The ball python barely misses you. The ball python constricts you.
The kobold hits you with a +0 club.
You hit the kobold but do no damage. You barely miss the ball python.
The ball python bites you. The ball python constricts you.
The kobold hits you with a +0 club.
* * * LOW HITPOINT WARNING * * *
The ball python bites you.
* * * LOW HITPOINT WARNING * * *
The ball python constricts you.
A red film seems to cover your vision as you go berserk!
You feel yourself moving faster!
You feel mighty! The endoplasm hits you.
* * * LOW HITPOINT WARNING * * *
The kobold hits you with a +0 club.
You die...

......#.#
......#.#
...)..#.#
........#
....!...#
........#
......J.#
#..K@#####
+..S)....#
#?...###.#
#....#.#
##+#...#
#.#.#
#.#.# #.#
# #.#


You could see an endoplasm, a ball python and a kobold.

Vanquished Creatures
  A goblin (D:1)
  A hobgoblin (D:1)
2 creatures vanquished.

Notes
Turn   | Place    | Note
-------+----------+-------------------------------------------
     0 | D:1      | Revguard the Demonspawn Berserker began the quest for the
                  | Orb.
     0 | D:1      | Reached XP level 1. HP: 18/18 MP: 1/1
    71 | D:1      | HP: 1/27 [endoplasm (2)]
    71 | D:1      | Slain by a kobold

Illustrated notes

Levels and vault maps discovered:
D:1:      dpeg_arrival_radiant, layout_basic,
          shapermc_ecumenical_altar_totnotflames

Action                     || total
---------------------------++-------
  Melee: Hand axe          ||     5
 Invoke: Berserk           ||     1
 Armour: Animal skin       ||     9
  Dodge: Dodged            ||     4

Table legend: (Time is in decaauts)
 A = Elapsed time spent in this place.
 B = Non-inter-level travel time spent in this place.
 C = Inter-level travel time spent in this place.
 D = Time resting spent in this place.
 E = Time spent auto-exploring this place.
 F = Levels seen in this place.
 G = Mean time per level.
                   A        B        C        D        E       F      G
               +--------+--------+--------+--------+--------+-----+--------+
         Total |     71 |     71 |      0 |      0 |     51 |   1 |   71.0 |
       Dungeon |     71 |     71 |      0 |      0 |     51 |   1 |   71.0 |
               +--------+--------+--------+--------+--------+-----+--------+

Top non-repeatable levels by time:
     D:1: 71 daAuts
